 Dungeon Crawl Stone Soup version 0.20.0-15-g7f486f2 (webtiles) character file.

333 vishdafish the Chopper (level 6, -4/55 HPs)
             Began as a Hill Orc Fighter on June 18, 2017.
             Slain by a water moccasin (7 damage)
             ... on level 3 of the Dungeon.
             The game lasted 00:07:03 (2883 turns).

vishdafish the Chopper (Hill Orc Fighter)           Turns: 2883, Time: 00:07:05

Health: -4/55      AC:  9    Str: 20    XL:     6   Next: 53%
Magic:  6/6        EV: 13    Int:  8    God:
Gold:   179        SH:  0    Dex: 16    Spells: 5/5 levels left

rFire    x . .     SeeInvis .   a - +0 war axe
rCold    + . .     Gourm    .   c - +0 shield
rNeg     . . .     Faith    .   b - +0 scale mail
rPois    .         Spirit   .   (no helmet)
rElec    .         Reflect  .   z - +0 cloak (curse)
rCorr    .         Harm     .   e - +0 pair of gloves
MR       +....                  (no boots)
Stlth    ..........             (no amulet)
Regen    0.2/turn               x - ring of ice
MPRegen  0.1/turn               v - ring of protection from magic

@: confused, agile, lethally poisoned (-4 -> -21)
A: no striking features
a: no special abilities


You were on level 3 of the Dungeon.
You were not hungry.

You visited 1 branch of the dungeon, and saw 4 of its levels.

You collected 179 gold pieces.

Inventory:

Hand Weapons
 a - a +0 war axe (weapon)
Armour
 b - a +0 scale mail (worn)
 c - a +0 shield (worn)
 e - a +0 pair of gloves (worn)
 z - a cursed +0 cloak (worn)
Jewellery
 j - a +2 ring of intelligence
 v - a ring of protection from magic (right hand)
 x - a ring of ice (left hand)
Scrolls
 g - 4 scrolls of identify {unknown}
 i - a scroll of amnesia {unknown}
 k - 3 scrolls of remove curse {unknown}
 l - 3 scrolls of fear {unknown}
 n - a scroll of magic mapping {unknown}
 q - a scroll of enchant armour {unknown}
 r - a scroll of teleportation {unknown}
 w - a scroll of noise {unknown}
Potions
 d - a potion of might
 f - a potion of heal wounds {unknown}
 m - 2 potions of agility
 p - a potion of haste {unknown}
 s - a potion of lignification {unknown}
 t - a potion of brilliance {unknown}
Books
 y - a book of Cantrips

   Spells                             Type                      Level
   a - Confusing Touch                Hexes                        1
   b - Animate Skeleton               Necromancy                   1
   c - Summon Small Mammal            Summoning                    1
   d - Apportation                    Translocation                1
Comestibles
 o - 2 meat rations
 u - a royal jelly


   Skills:
 + Level 4.8 Fighting
 + Level 5.4 Axes
 + Level 4.9 Armour
 + Level 0.7 Dodging
 + Level 4.4 Shields


You had 5 spell levels left.
You didn't know any spells.

Dungeon Overview and Level Annotations

Branches:
Dungeon (4/15)
 Temple: D:4-7

Altars:
Cheibriados
Elyvilon
Hepliaklqana
Kikubaaqudgha
Okawaru
Ru
Trog
Yredelemnul


Message History

You feel sick. You block the water moccasin's attack.
The water moccasin barely misses you.
You barely miss the water moccasin.
The water moccasin is severely wounded.
The water moccasin bites you.
* * * LOW HITPOINT WARNING * * *
You block the water moccasin's attack.
It was a potion of agility.
You feel agile all of a sudden.
You feel sick.
The water moccasin bites you but does no damage.
It was a potion of ambrosia.
You are confused.
You feel invigorated. The water moccasin bites you!
* * * LOW HITPOINT WARNING * * *
You are more poisoned.
The water moccasin poisons you!
* * * LOW HITPOINT WARNING * * *
You feel sick. The water moccasin bites you!
You die...

####.....###.#.# #####.
#..'......##.#.# #.....
#.##......##.#.# #.....
#.##......##.#.#########
#.##......##.#..........
#.##...†..##.###########
#.##......##.# #
#.##<..†..##.# #
#.##...@S.##.# #
#)##.....###.# #
#.##.....###.# #
#.#####......######## #
#.# #.............# #
#.# #...(.........# #
#.# #......(((....####
#.# #....(.......†'.#.
#.# #.............#.#.


You could see a water moccasin.

Vanquished Creatures
  The ghost of YrmMerkstave the Cruncher, an amateur MiGl (D:3)
  Crazy Yiuf (D:3)
  5 adders
  3 gnolls (D:3)
  6 oozes
  4 dart slugs
  5 leopard geckos
  A ball python (D:3)
  A giant cockroach (D:2)
  9 hobgoblins
  7 jackals
  3 kobolds
  8 bats
  7 frilled lizards
  3 goblins
  8 rats
72 creatures vanquished.

Notes
Turn   | Place    | Note
-------+----------+-------------------------------------------
     0 | D:1      | vishdafish the Hill Orc Fighter began the quest for the Orb.
     0 | D:1      | Reached XP level 1. HP: 19/19 MP: 1/1
   106 | D:1      | Reached skill level 3 in Axes
   106 | D:1      | Reached XP level 2. HP: 27/27 MP: 2/2
   706 | D:2      | Reached XP level 3. HP: 32/33 MP: 3/3
   790 | D:2      | Found a bloodstained altar of Trog.
   955 | D:2      | Found a hazy altar of Hepliaklqana.
   956 | D:2      | Found a sacrificial altar of Ru.
   956 | D:2      | Found an ancient bone altar of Kikubaaqudgha.
   956 | D:2      | Found an iron altar of Okawaru.
   962 | D:2      | Found a white marble altar of Elyvilon.
   962 | D:2      | Found a basalt altar of Yredelemnul.
   977 | D:2      | Reached skill level 4 in Axes
   994 | D:2      | Found a snail-covered altar of Cheibriados.
  1079 | D:2      | Reached XP level 4. HP: 40/40 MP: 4/4
  1603 | D:3      | Noticed YrmMerkstave's ghost (amateur MiGl)
  1619 | D:3      | Killed YrmMerkstave's ghost
  1619 | D:3      | Reached skill level 5 in Axes
  1619 | D:3      | Reached XP level 5. HP: 22/47 MP: 5/5
  1819 | D:3      | Reached XP level 6. HP: 49/53 MP: 6/6
  1915 | D:3      | Found a runed door.
  1986 | D:3      | Noticed Crazy Yiuf
  1992 | D:3      | Killed Crazy Yiuf
  2861 | D:4      | Noticed a water moccasin
  2882 | D:3      | HP: 1/55 [water moccasin (7)]
  2883 | D:3      | Slain by a water moccasin

Skill      XL: |  1  2  3  4 |
---------------+-------------+-----
Axes           | 3 4 5 |  5.4
Armour         | 4 |  4.9
Fighting       | 4 |  4.8
Shields        | 4 |  4.4
Dodging        | |  0.7

Action                   |  1- 3 |  4- 6 || total
-------------------------+-------+-------++-------
Melee: War axe           |    91 |   164 ||   255
  Use: Potion            |       |     2 ||     2
  Eat: Bread ration      |     1 |     1 ||     2
Armor: Scale mail        |    37 |    74 ||   111
Dodge: Dodged            |    30 |    53 ||    83
Block: Shield            |    47 |    97 ||   144
